Construct Section Command Post
Selects Australian Defense Battlegroup
Selects Australian Light Infantry Section
Australian Light Infantry Section
Construct Platoon Command Post
Selects 2-pounder Anti-tank Gun Team
Selects CMP 15cwt Supply Run
Selects CMP 15cwt Supply Run
Construct Field Infirmary
Construct Company Command Post
Selects 2-pounder Anti-tank Gun Team
2-pounder Anti-tank Gun Team
Selects Artillery Trip Wire Flares
Selects Charged Creeping Barrage
Selects Vehicle Over Repair
Selects Charged Creeping Barrage
Unlock Towed 17-pounder Anti-tank Guns
17-pounder Anti-tank Gun Team
Unlock M3 Grant Medium Tanks
17-pounder Anti-tank Gun Team